 Dungeon Crawl Stone Soup version 0.20.1-1-g8b1a95d (webtiles) character file.

185310 andu01 the Thaumaturge (level 19, -3/148 HPs)
             Began as a Human Fire Elementalist on Oct 18, 2017.
             Was the Champion of Vehumet.
             Killed by the raging water
             ... invoked by a water nymph
              (34 damage)
             ... on level 3 of the Shoals on Oct 19, 2017.
             The game lasted 04:30:26 (40994 turns).

andu01 the Thaumaturge (Human Fire Elementalist)   Turns: 40994, Time: 04:30:56

Health: -3/148     AC: 20    Str: 12    XL:     19   Next: 13%
Magic:  4/37       EV: 17    Int: 29    God:    Vehumet [******]
Gold:   1635       SH:  8    Dex: 26    Spells: 6/46 levels left

rFire    + . .     SeeInvis .   s - +1 broad axe of Mourning {chop, -Tele rPois rC+ Int+3 Dex+4}
rCold    + + +     Gourm    .   U - +3 buckler of the Endless Expanse {rPois rC+ rN+++ Int-3}
rNeg     + + +     Faith    +   P - +2 leather armour {rC+}
rPois    +         Spirit   .   l - +0 helmet "Fetuih" {+Inv rElec Str+3}
rElec    +         Reflect  .   W - +2 cloak
rCorr    .         Harm     .   w - +0 pair of gloves "Voteph" {rN+ MR+ Dex+7}
MR       ++...     NoTele   +   N - +2 pair of boots
Stlth    ++........             K - amulet of faith
Regen    1.4/turn               X - ring "Lumuath" {rF+ Int+7}
MPRegen  0.3/turn               J - ring "Joijaezi" {rPois rN+ AC+5}

@: shrouded, regenerating (expiring), hasted, slow
A: no striking features
a: Renounce Religion, Evoke Invisibility


You were on level 3 of the Shoals.
You worshipped Vehumet.
Vehumet was exalted by your worship.
You were hungry.

You visited 7 branches of the dungeon, and saw 29 of its levels.

You collected 2421 gold pieces.
You spent 786 gold pieces at shops.

Inventory:

Hand Weapons
 s - the +1 broad axe of Mourning (weapon) {chop, -Tele rPois rC+ Int+3 Dex+4}
   (You acquired it on level 4 of the Lair of Beasts)

   It inflicts extra damage upon your enemies.
   It affects your intelligence (+3).
   It affects your dexterity (+4).
   It protects you from cold.
   It protects you from poison.
   It prevents most forms of teleportation.
 A - the +9 trident of Dukheoc {venom, rElec rPois MR++ Int+2}
   (You took it off a merfolk impaler on level 2 of the Shoals)

   It poisons the flesh of those it strikes.
   It affects your intelligence (+2).
   It insulates you from electricity.
   It protects you from poison.
   It affects your resistance to hostile enchantments.
Armour
 l - the +0 helmet "Fetuih" (worn) {+Inv rElec Str+3}
   (You found it on level 13 of the Dungeon)

   It affects your strength (+3).
   It insulates you from electricity.
   It lets you turn invisible.
 o - a +0 troll leather armour
 w - the +0 pair of gloves "Voteph" (worn) {rN+ MR+ Dex+7}
   (You acquired it on level 1 of the Lair of Beasts)

   It affects your dexterity (+7).
   It protects you from negative energy.
   It affects your resistance to hostile enchantments.
 N - a +2 pair of boots (worn)
 P - a +2 leather armour of cold resistance (worn)
 U - the +3 buckler of the Endless Expanse (worn) {rPois rC+ rN+++ Int-3}
   (You acquired it on level 12 of the Dungeon)

   It affects your intelligence (-3).
   It protects you from cold.
   It protects you from poison.
   It renders you almost immune to negative energy.
 W - a +2 cloak (worn)
Magical Staves
 I - an uncursed staff of wizardry
Jewellery
 e - an uncursed ring of wizardry
 u - a +2 ring of evasion
 y - an uncursed ring of protection from fire
 z - an uncursed amulet of regeneration
 B - an uncursed ring of flight
 J - the ring "Joijaezi" (right hand) {rPois rN+ AC+5}
   (You took it off a centaur warrior on level 8 of the Dungeon)

   [ring of protection]

   It affects your AC (+5).
   It protects you from poison.
   It protects you from negative energy.
 K - an amulet of faith (around neck)
 R - an uncursed amulet of rage
 T - a +3 ring of intelligence
 X - the ring "Lumuath" (left hand) {rF+ Int+7}
   (You took it off an orc on level 8 of the Dungeon)

   [ring of protection from fire]

   It affects your intelligence (+7).
   It protects you from fire.
Wands
 b - a wand of scattershot (0/9)
 c - a wand of random effects (24/48)
 k - a wand of confusion (21/48)
 M - a wand of paralysis (12/24)
 V - a wand of digging (14/24)
 Y - a wand of acid (5/15)
Scrolls
 d - 2 scrolls of magic mapping
 j - 4 scrolls of fog
 m - 2 scrolls of blinking
 p - 10 scrolls of teleportation
 t - 10 scrolls of remove curse
 C - 3 scrolls of enchant weapon
 L - 3 scrolls of amnesia
 Z - a scroll of summoning
Potions
 a - a potion of invisibility
 g - 4 potions of flight
 i - 4 potions of curing
 n - a potion of cancellation
 q - a potion of brilliance
 r - 3 potions of haste
 v - a potion of berserk rage
 O - 2 potions of ambrosia
Books
 E - a book of Frost

   Spells                             Type                      Level
   a - Freeze                         Ice                          1
   b - Throw Frost                    Conjuration/Ice              2
   c - Ozocubu's Armour               Charms/Ice                   3
   d - Throw Icicle                   Conjuration/Ice              4
   e - Summon Ice Beast               Ice/Summoning                4
 H - a book of the Warp

   Spells                             Type                      Level
   a - Gell's Gravitas                Translocation                3
   b - Portal Projectile              Hexes/Translocation          3
   c - Force Lance                    Conjuration/Translocation    4
   d - Dispersal                      Translocation                6
   e - Controlled Blink               Translocation                8
   f - Disjunction                    Translocation                8
Miscellaneous
 F - a phantom mirror
 G - a lightning rod (3/4)
Comestibles
 f - 29 fruits
 h - 6 meat rations
 S - 3 bread rations


   Skills:
 + Level 12.6 Fighting
 * Level 8.0 Axes
 - Level 4.0 Staves
 - Level 9.0 Armour
 - Level 6.7 Dodging
 - Level 7.0 Stealth
 + Level 14.3 Spellcasting
 + Level 12.1 Conjurations
 + Level 5.3 Necromancy
   Level 1.9 Transmutations
 - Level 14.2 Fire Magic
 - Level 4.0 Ice Magic


You had 6 spell levels left.
You knew the following spells:

 Your Spells              Type           Power        Failure   Level  Hunger
a - Flame Tongue          Conj/Fire      #####        0%          1    None
b - Conjure Flame         Conj/Fire      #######.     1%          3    None
c - Sticky Flame          Conj/Fire      #######.     1%          4    None
d - Fireball              Conj/Fire      #######...   1%          5    None
e - Ozocubu's Armour      Chrm/Ice       ####....     6%          3    None
f - Summon Ice Beast      Ice/Summ       ####....     22%         4    None
g - Bolt of Draining      Conj/Necr      ######....   1%          5    None
h - Shroud of Golubria    Chrm/Tloc      ###.......   8%          2    None
j - Throw Icicle          Conj/Ice       ######..     1%          4    None
k - Mephitic Cloud        Conj/Pois/Air  #####...     1%          3    None
r - Regeneration          Chrm/Necr      #####.....   4%          3    None
v - Vampiric Draining     Necr           ######....   1%          3    None


Dungeon Overview and Level Annotations

Branches:
Dungeon (15/15)            Temple (1/1) D:5            Lair (6/6) D:11
 Shoals (3/4) Lair:2        Snake (0/4) Lair:3        Slime (0/5) Lair:5
    Orc (2/2) D:12            Elf (1/3) Orc:2        Vaults (0/5) D:13
 Depths (1/5) D:15

Altars:
Ashenzari
Cheibriados
Dithmenos
Elyvilon
Fedhas
Gozag
Hepliaklqana
Kikubaaqudgha
Makhleb
Nemelex Xobeh
Okawaru
Qazlal
Ru
Sif Muna
Trog
Uskayaw
Vehumet
Xom
Yredelemnul
Zin
The Shining One
Beogh
Jiyva

Shops:
D:7 [   D:10 %   Orc:1 %   Orc:2 ?*?!

Portals:
Hell: Depths:1

Annotations:
D:8 antares's ghost, novice DrTm
D:13 JohnnyMnemonic's ghost, journeyman GrFi
Shoals:1 exclusion: Roxanne, Roxanne
Orc:2 nel's ghost, adept HuFE


Message History

Okay, then.
You cannot blink because you are wielding the +1 broad axe of Mourning {chop, -Tele rPois rC+ Int+3 Dex+4}.
* * * LOW HITPOINT WARNING * * *
You feel very sick.
The sea snake burns!
The sea snake bites you but does no damage.
Okay, then.
You feel better.
The sea snake burns!
You block the water nymph's attack.
Splash!
You fall into the shallow water.
Moving in this stuff is going to be slow.
Your shroud bends the sea snake's attack away!
The merfolk hits you but does no damage.
You feel yourself speed up.
The sea snake burns!
You kill the sea snake!
Vehumet accepts your kill.
You feel your power returning.
The water nymph points at you and mumbles some strange words.
The water swirls and strikes you!
You die...

≈≈≈≈≈≈...........
≈..≈≈≈...........
≈..≈≈≈...........
≈≈≈≈≈≈...........
≈≈≈≈≈≈.†.........
≈≈≈≈≈≈.≈≈).......
.≈≈≈≈≈≈≈..#mk..#..
..≈≈≈≈≈≈≈..#m≈.≈#
..≈≈≈≈≈≈≈≈..#@.≈.#
≈≈≈≈≈≈≈≈≈≈≈..#.≈≈≈#
≈≈≈≈≈≈≈≈≈≈≈..#.≈..#
≈≈≈≈≈≈≈≈≈≈≈..#.≈..#
≈≈≈≈≈≈≈≈≈≈...≈.#....#
≈≈≈≈≈.........##.≈..#
≈≈≈≈≈≈....#.###...≈..
≈≈≈≈≈≈......# .≈≈≈≈..
≈≈≈≈≈......≈#


You could see a wind drake, a merfolk and a water nymph.

Vanquished Creatures
  Polyphemus (Shoals:2)
  3 azure jellies (Lair:5)
  A frost giant (Depths:1)
  Louise (Shoals:3)
  An ettin (Orc:1)
  4 merfolk impalers
  Josephine (Orc:2)
  A jiangshi (Depths:1)
  10 hydras
  A yaktaur captain (D:15)
  8 vault guards
  5 catoblepae
  2 merfolk avatars
  A death knight (D:12)
  13 two-headed ogres
  2 merfolk aquamancers
  5 centaur warriors
  2 ogre magi (Orc:2)
  12 death yaks
  A vampire mage (Depths:1)
  An orc high priest (Orc:2)
  2 deep elf knights (Elf:1)
  A fire crab (Lair:6)
  Nergalle (Orc:1)
  Sonja (Lair:1)
  A skeletal warrior (D:12)
  An unseen horror (D:15)
  11 sea snakes
  2 deep trolls
  8 deep elf archers (Elf:1)
  7 orc knights
  3 harpies (Shoals:2)
  An obsidian statue (Shoals:1)
  Pikel (D:5)
  12 deep elf magi
  5 oklob plants
  7 ugly things
  7 manticores
  A faun (shapeshifter) (Elf:1)
  5 cyclopes
  A salamander (Depths:1)
  8 fauns
  A centaur zombie (D:15)
  6 elephants (Lair:6)
  2 water nymphs (Shoals:3)
  4 black mambas
  7 merfolk sirens
  12 spiny frogs
  An apocalypse crab (D:11)
  5 gargoyles
  An efreet (D:14)
  A yaktaur (D:15)
  11 komodo dragons
  14 trolls
  2 polar bears
  5 wind drakes (Shoals:2)
  Prince Ribbit (D:5)
  21 merfolk
  18 blink frogs
  2 dream sheep (Shoals:2)
  A hornet (D:11)
  An ice dragon zombie (Depths:1)
  24 slime creatures
  10 hippogriffs
  5 snapping turtles
  A shadow (D:13)
  8 wraiths
  12 water elementals
  37 yaks
  8 wyverns (Lair:5)
  4 basilisks
  A fire elemental (Depths:1)
  3 vampire mosquitoes (D:15)
  5 hungry ghosts
  4 wargs
  2 nagas (Lair:3)
  2 acid dragons
  6 porcupines
  17 water moccasins
  A hell hound (D:11)
  5 ice beasts
  3 sky beasts
  24 orc warriors
  A slave (D:5)
  A black bear (shapeshifter) (D:14)
  2 black bears
  24 ogres
  4 phantoms
  An eye of draining (D:12)
  10 crocodiles
  24 centaurs
  3 big kobolds
  5 gnoll sergeants
  18 bullfrogs
  Blork the orc (D:6)
  A wyvern zombie (D:14)
  A hornet simulacrum (D:15)
  23 killer bees
  4 howler monkeys
  17 wights
  11 electric eels
  3 vampire bats (Lair:6)
  4 crimson imps
  A bullfrog zombie (D:8)
  9 jellies
  A quasit (D:9)
  7 hounds
  3 centaur skeletons
  A bullfrog skeleton (D:11)
  15 orc priests
  A gnoll shaman (D:6)
  Ijyb (D:3)
  3 iguanas
  22 orc wizards
  14 worker ants
  14 hell rats (Lair:3)
  A killer bee zombie (D:8)
  A hound zombie (D:5)
  A hound skeleton (D:5)
  A worker ant zombie (D:11)
  2 howler monkey zombies
  24 gnolls
  10 river rats (Lair:3)
  17 adders
  4 shadow imps
  An adder zombie (D:7)
  An adder skeleton (D:5)
  3 worms
  3 dart slugs
  7 leopard geckos
  79 orcs
  2 ball pythons
  4 giant cockroaches
  9 goblins
  13 hobgoblins
  15 jackals
  11 quokkas
  8 bats
  8 frilled lizards
  A jackal skeleton (D:5)
  18 kobolds
  2 leopard gecko skeletons
  20 rats
  2 fungi
  8 plants
986 creatures vanquished.

Vanquished Creatures (collateral kills)
  The ghost of antares the Grappler, a journeyman DrTm of Elyvilon (Lair:1)
  2 yaks (D:13)
  A wraith (Orc:1)
  A hell rat (Lair:3)
  A quokka (Lair:3)
  A rat (Lair:3)
7 creatures vanquished.

Vanquished Creatures (others)
  An ice beast (D:5)
  An iguana (D:5)
  An orc wizard (D:14)
  2 kobolds
  A jackal zombie (D:5)
  2 fungi
  20 plants
28 creatures vanquished.

Grand Total: 1021 creatures vanquished

Notes
Turn   | Place    | Note
-------+----------+-------------------------------------------
     0 | D:1      | andu01 the Human Fire Elementalist began the quest for the Orb.
     0 | D:1      | Reached XP level 1. HP: 13/13 MP: 3/3
   238 | D:1      | Reached XP level 2. HP: 13/19 MP: 0/5
   463 | D:1      | Reached XP level 3. HP: 14/24 MP: 1/6
  1075 | D:2      | Found a shadowy altar of Dithmenos.
  1085 | D:2      | Reached skill level 1 in Fighting
  1306 | D:2      | Found an iron altar of Okawaru.
  1395 | D:2      | Reached XP level 4. HP: 32/32 MP: 5/7
  2083 | D:3      | Reached XP level 5. HP: 38/38 MP: 5/9
  2321 | D:3      | Learned a level 3 spell: Conjure Flame
  2326 | D:3      | Learned a level 4 spell: Sticky Flame
  2692 | D:3      | Noticed Ijyb
  2699 | D:3      | Killed Ijyb
  2855 | D:4      | Noticed a phantom
  3170 | D:4      | Reached XP level 6. HP: 44/44 MP: 5/10
  3323 | D:4      | Killed a phantom
  3503 | D:4      | Found a snail-covered altar of Cheibriados.
  3830 | D:4      | Reached XP level 7. HP: 51/51 MP: 5/12
  4454 | D:4      | Found a shattered altar of Ashenzari.
  4477 | D:4      | Found a burning altar of Makhleb.
  4477 | D:4      | Found a basalt altar of Yredelemnul.
  4478 | D:4      | Found a sparkling altar of Nemelex Xobeh.
  4489 | D:4      | Found a white marble altar of Elyvilon.
  4491 | D:4      | Found a deep blue altar of Sif Muna.
  4654 | D:4      | Found a sacrificial altar of Ru.
  4979 | D:5      | Entered Level 5 of the Dungeon
  5721 | D:5      | Reached skill level 5 in Fire Magic
  5721 | D:5      | Reached XP level 8. HP: 25/58 MP: 0/14
  5744 | D:5      | Noticed Prince Ribbit
  6258 | D:5      | Noticed Pikel
  6366 | D:5      | Killed Pikel
  6566 | D:5      | Reached skill level 5 in Spellcasting
  6566 | D:5      | Reached XP level 9. HP: 65/65 MP: 9/16
  6724 | D:5      | Killed Prince Ribbit
  6925 | D:5      | Found a staircase to the Ecumenical Temple.
  6936 | Temple   | Entered the Ecumenical Temple
  6991 | Temple   | Became a worshipper of Vehumet
  7212 | D:6      | Reached skill level 5 in Stealth
  7450 | D:6      | Noticed Blork the orc
  7451 | D:6      | Found a hide-covered altar of Uskayaw.
  7531 | D:6      | Killed Blork the orc
  7968 | D:6      | Reached * piety under Vehumet
  7968 | D:6      | Offered knowledge of Magic Dart by Vehumet.
  8301 | D:6      | Reached XP level 10. HP: 50/73 MP: 9/19
  8764 | D:7      | Learned a level 5 spell: Fireball
  8841 | D:7      | Found Godiq's Antique Armour Emporium.
  8953 | D:7      | Reached skill level 5 in Fighting
  9161 | D:7      | Reached skill level 5 in Dodging
  9887 | D:7      | Offered knowledge of Sting by Vehumet.
  9952 | D:7      | Reached ** piety under Vehumet
 10152 | D:8      | Noticed a two-headed ogre
 10166 | D:8      | Killed a two-headed ogre
 10453 | D:8      | Reached skill level 5 in Conjurations
 10536 | D:8      | Noticed antares's ghost (novice DrTm)
 10701 | D:9      | Noticed a two-headed ogre
 10714 | D:9      | Killed a two-headed ogre
 10714 | D:9      | Reached XP level 11. HP: 81/81 MP: 15/22
 11211 | D:8      | Found a blossoming altar of Fedhas.
 11269 | D:8      | Learned a level 3 spell: Ozocubu's Armour
 11313 | D:8      | Noticed a centaur warrior
 11322 | D:8      | Killed a centaur warrior
 11324 | D:8      | Got an ancient platinum ring
 11367 | D:8      | Identified the ring "Joijaezi" {rPois rN+ AC+5} (You took it off a centaur warrior on level 8 of the Dungeon)
 11369 | D:8      | Noticed a cyclops
 11397 | D:8      | Killed a cyclops
 11680 | D:9      | Offered knowledge of Searing Ray by Vehumet.
 11959 | D:10     | Entered Level 10 of the Dungeon
 12020 | D:10     | Reached *** piety under Vehumet
 12078 | D:10     | Noticed a two-headed ogre
 12094 | D:10     | Killed a two-headed ogre
 12414 | D:10     | Noticed a four-headed hydra
 12563 | D:10     | Killed a four-headed hydra
 12637 | D:10     | Noticed a two-headed ogre
 12651 | D:10     | Killed a two-headed ogre
 12776 | D:10     | Found Yqumij's Food Shoppe.
 13094 | D:10     | Offered knowledge of Ignite Poison by Vehumet.
 13458 | D:10     | Reached XP level 12. HP: 60/89 MP: 3/24
 13788 | D:11     | Noticed a two-headed ogre
 13805 | D:11     | Killed a two-headed ogre
 13805 | D:11     | Reached skill level 1 in Armour
 13903 | D:11     | Reached **** piety under Vehumet
 13994 | D:11     | Offered knowledge of Yara's Violent Unravelling by Vehumet.
 14015 | D:11     | Reached skill level 10 in Fire Magic
 14199 | D:11     | Noticed a four-headed hydra
 14225 | D:11     | Found a staircase to the Lair.
 14308 | D:11     | Paralysed by an apocalypse crab for 6 turns
 14535 | D:11     | Killed a four-headed hydra
 14804 | D:12     | Identified 2 scrolls of acquirement
 14805 | D:12     | Got a shimmering buckler
 14811 | D:12     | Identified the +3 buckler of the Endless Expanse {rPois rC+ rN+++ Int-3} (You acquired it on level 12 of the Dungeon)
 15568 | Lair:1   | Entered Level 1 of the Lair of Beasts
 15695 | Lair:1   | Noticed antares's ghost (journeyman DrTm)
 15695 | Lair:1   | Got a pair of crude gloves
 15852 | D:11     | Paralysed by you for 7 turns
 16172 | D:12     | Reached ***** piety under Vehumet
 16328 | D:12     | Offered knowledge of Lee's Rapid Deconstruction by Vehumet.
 16877 | D:12     | Found a staircase to the Orcish Mines.
 17709 | D:11     | Reached XP level 13. HP: 73/98 MP: 9/26
 17856 | D:8      | Got a scorched wooden ring
 17858 | D:8      | Identified the ring "Lumuath" {rF+ Int+7} (You took it off an orc on level 8 of the Dungeon)
 17869 | D:8      | Identified the +0 pair of gloves "Voteph" {rN+ MR+ Dex+7} (You acquired it on level 1 of the Lair of Beasts)
 17889 | D:8      | Learned a level 4 spell: Summon Ice Beast
 17979 | D:12     | Reached skill level 10 in Spellcasting
 18174 | Orc:1    | Entered Level 1 of the Orcish Mines
 18322 | Orc:2    | Entered Level 2 of the Orcish Mines
 18325 | Orc:2    | Noticed nel's ghost (adept HuFE)
 18327 | Orc:2    | Noticed Josephine
 18330 | Orc:2    | Killed Josephine
 18640 | Orc:2    | Found a staircase to the Elven Halls.
 18756 | Orc:2    | Offered knowledge of Bolt of Draining by Vehumet.
 18848 | Orc:2    | Learned a level 5 spell: Bolt of Draining
 18856 | Orc:2    | Found a roughly hewn altar of Beogh.
 18968 | Orc:2    | Noticed an ogre mage
 19214 | D:13     | Noticed JohnnyMnemonic's ghost (journeyman GrFi)
 19267 | D:13     | Noticed a catoblepas
 19843 | D:13     | Killed a catoblepas
 20027 | D:13     | Noticed a vault guard
 20049 | D:13     | Killed a vault guard
 20120 | D:13     | Got an encrusted helmet
 20132 | D:13     | Identified the +0 helmet "Fetuih" {+Inv rElec Str+3} (You found it on level 13 of the Dungeon)
 20172 | D:13     | Noticed a vault guard
 20196 | D:13     | Killed a vault guard
 20353 | D:13     | Noticed a vault guard
 20353 | D:13     | Noticed a vault guard
 20355 | D:13     | Noticed a vault guard
 20355 | D:13     | Noticed a vault guard
 20356 | D:13     | Noticed a vault guard
 20386 | D:13     | Killed a vault guard
 20386 | D:13     | Reached skill level 5 in Armour
 20388 | D:13     | Noticed a vault guard
 20425 | D:14     | Killed a vault guard
 20946 | D:13     | Reached XP level 14. HP: 106/106 MP: 19/29
 21698 | Orc:1    | Found Beffizuc's Food Emporium.
 21743 | Orc:1    | Bought a meat ration for 50 gold pieces
 21764 | Orc:1    | Noticed Nergalle
 21803 | Orc:1    | Killed Nergalle
 22435 | Orc:2    | Found Huwazxouxu's General Store.
 22605 | Orc:1    | Offered knowledge of Bolt of Cold by Vehumet.
 22876 | Orc:1    | Reached ****** piety under Vehumet
 23306 | Orc:2    | Found Popas's Distillery.
 23306 | Orc:2    | Found Nirhoel's Magic Scroll Shoppe.
 23908 | Orc:2    | Found Ubli's Magic Scroll Emporium.
 23911 | Orc:2    | Bought a scroll of blinking for 82 gold pieces
 23911 | Orc:2    | Bought a scroll of teleportation for 33 gold pieces
 23911 | Orc:2    | Bought a scroll of blinking for 82 gold pieces
 23916 | Orc:2    | Bought a scroll of teleportation for 42 gold pieces
 23916 | Orc:2    | Bought a scroll of identify for 28 gold pieces
 23988 | Orc:2    | Bought a potion of curing for 54 gold pieces
 24090 | Orc:2    | Bought a potion of haste for 150 gold pieces
 24090 | Orc:2    | Bought a potion of curing for 45 gold pieces
 24090 | Orc:2    | Bought a potion of magic for 120 gold pieces
 24559 | Orc:1    | Bought a meat ration for 50 gold pieces
 24559 | Orc:1    | Bought a meat ration for 50 gold pieces
 24704 | Elf:1    | Entered Level 1 of the Elven Halls
 24795 | Elf:1    | Reached XP level 15. HP: 115/115 MP: 18/30
 25038 | Elf:1    | Offered knowledge of Conjure Ball Lightning by Vehumet.
 25258 | Elf:1    | Reached skill level 10 in Fighting
 25330 | Elf:1    | Noticed a Tzitzimitl
 25531 | D:12     | Learned a level 2 spell: Shroud of Golubria
 25535 | D:12     | Learned a level 3 spell: Regeneration
 25540 | D:12     | Learned a level 4 spell: Throw Icicle
 25611 | D:13     | Found a gate to the Vaults.
 26117 | D:15     | Entered Level 15 of the Dungeon
 26408 | D:15     | Offered knowledge of Freezing Cloud by Vehumet.
 27410 | D:15     | Found a staircase to the Depths.
 27498 | D:15     | Reached skill level 10 in Conjurations
 27669 | D:15     | Found a glowing golden altar of the Shining One.
 27982 | Depths:1 | Entered Level 1 of the Depths
 27985 | Depths:1 | Noticed a frost giant
 27993 | Depths:1 | Killed a frost giant
 27993 | Depths:1 | Reached XP level 16. HP: 110/124 MP: 28/33
 28742 | Depths:1 | Found a gateway to Hell.
 28794 | Depths:1 | Offered knowledge of Ozocubu's Refrigeration by Vehumet.
 29472 | Lair:1   | Noticed Sonja
 29478 | Lair:1   | Killed Sonja
 29584 | Lair:2   | Reached skill level 1 in Staves
 29728 | Lair:2   | Reached skill level 1 in Ice Magic
 30016 | Lair:2   | Found a staircase to the Shoals.
 30277 | Lair:1   | Killed antares's ghost
 31482 | Lair:3   | Found a staircase to the Snake Pit.
 32168 | Lair:3   | Offered knowledge of Bolt of Fire by Vehumet.
 32595 | Lair:4   | Reached skill level 1 in Transmutations
 32595 | Lair:4   | Reached XP level 17. HP: 131/131 MP: 34/34
 33091 | Lair:4   | Got a jewelled broad axe
 33092 | Lair:4   | Identified the +1 broad axe of Mourning {chop, -Tele rPois rC+ Int+3 Dex+4} (You acquired it on level 4 of the Lair of Beasts)
 33317 | Lair:5   | Found a runed door.
 33318 | Lair:5   | Found a viscous altar of Jiyva.
 33337 | Lair:5   | Found a staircase to the Slime Pits.
 33360 | Lair:5   | Reached skill level 1 in Axes
 33585 | Lair:5   | Learned a level 3 spell: Mephitic Cloud
 34511 | Lair:5   | Learned a level 3 spell: Vampiric Draining
 34591 | Lair:5   | Reached XP level 18. HP: 139/139 MP: 23/35
 34626 | Lair:5   | Offered knowledge of Lehudib's Crystal Spear by Vehumet.
 34626 | Lair:5   | Offered knowledge of Shatter by Vehumet.
 34626 | Lair:5   | Offered knowledge of Ignition by Vehumet.
 34815 | Lair:6   | Entered Level 6 of the Lair of Beasts
 35894 | Lair:6   | Reached skill level 5 in Axes
 36772 | Shoals:1 | Entered Level 1 of the Shoals
 38302 | Shoals:1 | Noticed Roxanne
 39609 | Shoals:2 | Noticed Polyphemus
 39805 | Shoals:2 | Got a jewelled trident {venom}
 39807 | Shoals:2 | Identified the +9 trident of Dukheoc {venom, rElec rPois MR++ Int+2} (You took it off a merfolk impaler on level 2 of the Shoals)
 39949 | Shoals:2 | Killed Polyphemus
 40602 | Shoals:3 | Noticed Louise
 40608 | Shoals:3 | Reached XP level 19. HP: 127/147 MP: 21/37
 40613 | Shoals:3 | Reached skill level 5 in Necromancy
 40628 | Shoals:3 | Killed Louise
 40994 | Shoals:3 | Killed from afar by a water nymph

Skill      XL: |  1  2  3  4  5  6  7  8  9 10 11 12 13 14 15 16 17 18 19 |
---------------+----------------------------------------------------------+-----
Fighting       | 1 2 3 4 5 6 7 8 9 10 11 12 | 12.6
Spellcasting   | 3 4 5 6 7 8 9 11 13 14 | 14.3
Dodging        | 3 4 5 6 |  6.7
Stealth        | 3 4 5 6 7 |  7.0
Conjurations   | 2 3 4 5 6 7 8 9 10 11 12 | 12.1
Fire Magic     | 4 5 7 8 9 10 12 13 14 | 14.2
Armour         | 3 5 6 8 9 |  9.0
Staves         | 4 |  4.0
Ice Magic      | 2 3 4 |  4.0
Necromancy     | 2 4 5 |  5.3
Transmutations | 1 |  1.9
Axes           | 3 7 8 |  8.0

Action                   |  1- 3 |  4- 6 |  7- 9 | 10-12 | 13-15 | 16-18 | 19-21 || total
-------------------------+-------+-------+-------+-------+-------+-------+-------++-------
Melee: Unarmed           |     9 |       |       |     3 |       |       |       ||    12
       Dagger            |    20 |    12 |    42 |   169 |   253 |    59 |       ||   555
       Staff             |       |       |       |   128 |   122 |   112 |       ||   362
       Broad axe         |       |       |       |       |       |   298 |    12 ||   310
 Cast: Flame Tongue      |    54 |   122 |   286 |   248 |   146 |   256 |     3 ||  1115
       Sticky Flame      |       |       |    10 |    82 |   133 |   164 |     9 ||   398
       Conjure Flame     |       |       |       |     3 |     4 |     5 |       ||    12
       Fireball          |       |       |       |    92 |   224 |   218 |    13 ||   547
       Ozocubu's Armour  |       |       |       |     2 |     9 |     1 |       ||    12
       Summon Ice Beast  |       |       |       |       |    12 |     6 |       ||    18
       Throw Icicle      |       |       |       |       |     9 |    11 |       ||    20
       Regeneration      |       |       |       |       |       |    15 |     1 ||    16
       Shroud of Golubri |       |       |       |       |       |     2 |     1 ||     3
       Vampiric Draining |       |       |       |       |       |    31 |     2 ||    33
Evoke: Wand              |       |       |       |    22 |    11 |     6 |       ||    39
       Lightning rod     |       |       |       |     1 |     1 |     2 |     1 ||     5
  Use: Scroll            |     1 |     2 |     7 |    13 |    10 |    15 |       ||    48
       Potion            |       |       |     1 |     4 |     9 |     3 |     2 ||    19
 Stab: Sleeping          |       |       |       |     6 |    11 |     5 |       ||    22
       Petrifying        |       |       |       |       |     1 |       |       ||     1
       Distracted        |       |       |       |       |     3 |     2 |       ||     5
  Eat: Chunk             |     2 |     2 |    15 |    23 |    29 |    28 |       ||    99
       Bread ration      |       |     1 |       |     5 |     1 |     1 |       ||     8
       Fruit             |       |       |     1 |       |     2 |       |       ||     3
       Meat ration       |       |       |       |     2 |     4 |     2 |       ||     8
       Royal jelly       |       |       |       |     3 |     2 |     2 |       ||     7
Armor: Robe              |     9 |    10 |       |       |       |       |       ||    19
       Leather armour    |       |     4 |    35 |    43 |       |   137 |    16 ||   235
       Acid dragon scale |       |       |       |    54 |       |       |       ||    54
       Skin              |       |       |       |    11 |       |       |       ||    11
       Troll leather arm |       |       |       |    43 |   152 |    63 |       ||   258
Dodge: Dodged            |    39 |    26 |    91 |   412 |   384 |   511 |    28 ||  1491
Block: Buckler           |       |       |       |    52 |   204 |   261 |    19 ||   536
